NCAA
TEXAS LONGHORNS @ CONNECTICUT HUSKIES
05/31/2025
 
TOP OF THE 1ST
Texas Longhorns batting - Pitching for Connecticut Huskies : RHP Scott King
Pitching: RHP Scott King
Batting: LHB Sam Haynes 0-0: Called Strike
0-1: Ball
1-1: Swinging Strike
1-2: Strikes out swinging
Batting: RHB Eugene Salazar 0-0: Called Strike
0-1: Ground out 6-3 (Groundball, 6D)
Batting: LHB Jon Rogers 0-0: Ball
1-0: Ball
2-0: Foul Ball, location: 2F
2-1: Foul Ball, location: 2F
2-2: Fly out, F7 (Line Drive, 78M)
Top of the 1st over - 0 run(s), 0 hit(s), 0 error(s), 0 left on base; Texas 0 - Connecticut 0
BOTTOM OF THE 1ST
Connecticut Huskies batting - Pitching for Texas Longhorns : RHP Claudio Mata
Pitching: RHP Claudio Mata
Batting: RHB Carlos Marino 0-0: Called Strike
0-1: Foul Ball, location: 2F
0-2: Strikes out looking
Batting: RHB Eric Black 0-0: Ball
1-0: Ball
2-0: Foul Ball, location: 2F
2-1: Ball
3-1: Base on Balls
Batting: RHB Jeff Manley 0-0: Called Strike
0-1: Hit by Pitch
Eric Black to second
Batting: LHB Arthur MacDonald 0-0: Ball
1-0: Foul Ball, location: 2F
1-1: SINGLE (Groundball, 34D)
Eric Black to third
Jeff Manley to second
Batting: RHB Mario Flores 0-0: SINGLE (Line Drive, 7S)
Eric Black scores
Jeff Manley to third
Arthur MacDonald to second
Runner from 3rd tries for Home, SAFE, no throw or cutoff
Batting: LHB Chris Schultz 0-0: Called Strike
Arthur MacDonald is caught stealing 3rd base
Mario Flores to second
0-1: Swinging Strike
0-2: Fly out, F3 (Line Drive, 3)
Bottom of the 1st over - 2 run(s), 2 hit(s), 0 error(s), 1 left on base; Texas 0 - Connecticut 2
TOP OF THE 2ND
Texas Longhorns batting - Pitching for Connecticut Huskies : RHP Scott King
Batting: RHB Rich Henley 0-0: Called Strike
0-1: Ball
1-1: Ball
2-1: Ball
3-1: Foul Ball, location: 2F
3-2: Base on Balls
Batting: LHB John Fitzgerald 0-0: Called Strike
0-1: Ball
1-1: Called Strike
1-2: Ball
2-2: Foul Ball, location: 2F
2-2: Foul Ball, location: 2F
2-2: Foul Ball, location: 2F
2-2: SINGLE (Flyball, 8RS)
Rich Henley to second
Runner from 2nd tries for 3rd, SAFE, throw made to third
Batting: LHB Jonathon Terry 0-0: Foul Ball, location: 2F
0-1: Ball
1-1: Ball
2-1: Foul Ball, location: 2F
2-2: Foul Ball, location: 2F
2-2: Ball
3-2: Fly out, F5 (Popup, 5S)
Batting: RHB Joe Maynard 0-0: Ball
1-0: Called Strike
1-1: Ball
2-1: Ball
3-1: Called Strike
3-2: Foul Ball, location: 2F
3-2: SINGLE (Line Drive, 4MD)
Rich Henley scores
John Fitzgerald to second
John Fitzgerald to third
Pitching: RHP Derek Barber
Batting: SHB Ángel González 0-0: Called Strike
Joe Maynard steals 2nd base
0-1: SINGLE (Line Drive, 89S)
John Fitzgerald scores
Joe Maynard to third
Batting: RHB Edmond Magee 0-0: Fly out, F8 (Flyball, 8LS)
Batting: LHB Sam Haynes 0-0: Swinging Strike
0-1: Ball
1-1: SINGLE (Line Drive, 6D)
Joe Maynard scores
Ángel González to second
Batting: RHB Eugene Salazar 0-0: Called Strike
0-1: Foul Ball, location: 2F
0-2: Strikes out swinging
Top of the 2nd over - 3 run(s), 4 hit(s), 0 error(s), 2 left on base; Texas 3 - Connecticut 2
BOTTOM OF THE 2ND
Connecticut Huskies batting - Pitching for Texas Longhorns : RHP Claudio Mata
Batting: RHB Brian Kramer 0-0: Called Strike
0-1: Foul Ball, location: 2F
0-2: Foul Ball, location: 2F
0-2: Strikes out swinging
Batting: RHB Thomas Moore 0-0: Ground out 5-3 (Groundball, 56)
Batting: RHB Michael Cobb 0-0: Foul Ball, location: 2F
0-1: Ball
1-1: Ball
2-1: Ball
3-1: Ground out U3 (Groundball, 3S)
Bottom of the 2nd over - 0 run(s), 0 hit(s), 0 error(s), 0 left on base; Texas 3 - Connecticut 2
TOP OF THE 3RD
Texas Longhorns batting - Pitching for Connecticut Huskies : RHP Derek Barber
Batting: LHB Jon Rogers 0-0: Foul Ball, location: 2F
0-1: Fly out, F6 (Line Drive, 6M)
Batting: RHB Rich Henley 0-0: Ball
1-0: SINGLE (Line Drive, 56D)
Batting: LHB John Fitzgerald 0-0: Ball
1-0: Ball
2-0: Called Strike
2-1: Ball
3-1: Base on Balls
Rich Henley to second
Batting: LHB Jonathon Terry 0-0: Called Strike
0-1: Ball
1-1: Foul Ball, location: 2F
1-2: 3-RUN HOME RUN (Flyball, 9D), Distance : 368 ft
Pitching: LHP Rodrigo Montés
Batting: RHB Joe Maynard 0-0: Ball
1-0: Ball
2-0: Foul Ball, location: 2F
2-1: Ground out 6-3 (Groundball, 6)
Batting: SHB Ángel González 0-0: Ball
1-0: Called Strike
1-1: Called Strike
1-2: Ball
2-2: Foul Ball, location: 2F
2-2: Fly out, F9 (Flyball, 89M)
Top of the 3rd over - 3 run(s), 2 hit(s), 0 error(s), 0 left on base; Texas 6 - Connecticut 2
BOTTOM OF THE 3RD
Connecticut Huskies batting - Pitching for Texas Longhorns : RHP Claudio Mata
Batting: RHB Carlos Marino 0-0: Called Strike
0-1: Ball
1-1: SINGLE (Groundball, 56D)
Batting: RHB Eric Black 0-0: Called Strike
0-1: Ball
1-1: Foul Ball, location: 2F
1-2: Strikes out swinging
Batting: RHB Jeff Manley 0-0: Called Strike
0-1: Fly out, F9 (Flyball, 89M)
Batting: LHB Arthur MacDonald 0-0: Called Strike
0-1: Ball
1-1: Called Strike
1-2: Foul Ball, location: 2F
1-2: Ball
2-2: SINGLE (Groundball, 34) (infield hit)
Carlos Marino to second
Batting: RHB Mario Flores 0-0: Ball
1-0: Ball
2-0: Ball
3-0: Base on Balls
Carlos Marino to third
Arthur MacDonald to second
Batting: LHB Chris Schultz 0-0: Ball
1-0: Ball
2-0: Foul Ball, location: 2F
2-1: Ground out U3 (Groundball, 3L)
Bottom of the 3rd over - 0 run(s), 2 hit(s), 0 error(s), 3 left on base; Texas 6 - Connecticut 2
TOP OF THE 4TH
Texas Longhorns batting - Pitching for Connecticut Huskies : LHP Rodrigo Montés
Batting: RHB Edmond Magee 0-0: Fly out, F8 (Line Drive, 78M)
Batting: LHB Sam Haynes 0-0: Ball
1-0: Foul Ball, location: 2F
1-1: Ground out U3 (Groundball, 3S)
Batting: RHB Eugene Salazar 0-0: Foul Ball, location: 2F
0-1: Swinging Strike
0-2: Fly out, F9 (Line Drive, 89S)
Top of the 4th over - 0 run(s), 0 hit(s), 0 error(s), 0 left on base; Texas 6 - Connecticut 2
BOTTOM OF THE 4TH
Connecticut Huskies batting - Pitching for Texas Longhorns : RHP Claudio Mata
Batting: RHB Brian Kramer 0-0: Ball
1-0: Ball
2-0: Called Strike
2-1: Ball
3-1: Base on Balls
Batting: RHB Thomas Moore 0-0: Ball
Brian Kramer steals 2nd base
1-0: Foul Ball, location: 2F
1-1: SINGLE (Groundball, 4M)
Brian Kramer to third
Batting: RHB Michael Cobb 0-0: Ball
1-0: Ball
2-0: Fly out, F9 (Flyball, 89M)
Runner from 3rd tags up, SCORES, no throw
Batting: RHB Carlos Marino 0-0: Foul Ball, location: 2F
0-1: Ball
1-1: DOUBLE (Line Drive, 6M)
Thomas Moore to third
Runner from 3rd tries for Home, throw and OUT!
Carlos Marino to third
Batting: RHB Eric Black 0-0: Ball
1-0: Called Strike
1-1: Ball
2-1: Ball
3-1: Fly out, F9 (Popup, 4D)
Bottom of the 4th over - 1 run(s), 2 hit(s), 0 error(s), 1 left on base; Texas 6 - Connecticut 3
TOP OF THE 5TH
Texas Longhorns batting - Pitching for Connecticut Huskies : LHP Rodrigo Montés
Batting: LHB Jon Rogers 0-0: Fly out, F4 (Popup, 4)
Batting: RHB Rich Henley 0-0: Ball
1-0: SOLO HOME RUN (Line Drive, 7LD), Distance : 328 ft
Batting: LHB John Fitzgerald 0-0: Ball
1-0: Ball
2-0: Ball
3-0: Called Strike
3-1: Base on Balls
Batting: LHB Jonathon Terry 0-0: Ball
1-0: Ball
Wild Pitch!
John Fitzgerald to second
2-0: Foul Ball, location: 2F
2-1: SINGLE (Line Drive, 6M)
John Fitzgerald to third
Runner from 3rd tries for Home, SAFE, throw made home
Batting: RHB Joe Maynard 0-0: Foul Ball, location: 2F
0-1: Ball
1-1: Foul Ball, location: 2F
1-2: Ball
2-2: Strikes out swinging
Batting: SHB Ángel González 0-0: Called Strike
0-1: Ground out 4-3 (Groundball, 4)
Top of the 5th over - 2 run(s), 2 hit(s), 0 error(s), 1 left on base; Texas 8 - Connecticut 3
BOTTOM OF THE 5TH
Connecticut Huskies batting - Pitching for Texas Longhorns : RHP Claudio Mata
Batting: RHB Jeff Manley 0-0: Ball
1-0: Ball
2-0: SINGLE (Groundball, 56D)
Batting: LHB Arthur MacDonald 0-0: Called Strike
Jeff Manley steals 2nd base
0-1: Hit by Pitch
Batting: RHB Mario Flores 0-0: SINGLE (Popup, 4MD)
Jeff Manley to third
Arthur MacDonald to second
Runner from 3rd tries for Home, SAFE, no throw or cutoff
Batting: LHB Chris Schultz 0-0: Called Strike
0-1: Fielders Choice at 2nd, 3-6 (Groundball, 3)
Arthur MacDonald to third
Batting: RHB Brian Kramer 0-0: Ball
1-0: Called Strike
Chris Schultz steals 2nd base
1-1: Ball
2-1: Ground out 3-4 (Groundball, 3S)
Pitching: RHP Cristóbal López
Batting: RHB Thomas Moore 0-0: Foul Ball, location: 2F
0-1: Ground out 4-3 (Groundball, 4M)
Bottom of the 5th over - 1 run(s), 2 hit(s), 0 error(s), 2 left on base; Texas 8 - Connecticut 4
TOP OF THE 6TH
Texas Longhorns batting - Pitching for Connecticut Huskies : LHP Rodrigo Montés
Batting: RHB Edmond Magee 0-0: Ball
1-0: Foul Ball, location: 2F
1-1: Called Strike
1-2: Strikes out looking
Batting: LHB Sam Haynes 0-0: Ball
1-0: Ball
2-0: Ground out 6-3 (Groundball, 6M)
Batting: RHB Eugene Salazar 0-0: Swinging Strike
0-1: Ball
1-1: Swinging Strike
1-2: Strikes out looking
Top of the 6th over - 0 run(s), 0 hit(s), 0 error(s), 0 left on base; Texas 8 - Connecticut 4
BOTTOM OF THE 6TH
Connecticut Huskies batting - Pitching for Texas Longhorns : RHP Cristóbal López
Batting: RHB Michael Cobb 0-0: Called Strike
0-1: Foul Ball, location: 2F
0-2: Ball
1-2: Strikes out swinging
Batting: RHB Carlos Marino 0-0: SINGLE (Groundball, 56)
Batting: RHB Eric Black 0-0: Foul Ball, location: 2F
0-1: Ball
1-1: Foul Ball, location: 2F
1-2: Foul Ball, location: 2F
1-2: Ball
2-2: Grounds into double play, 5-4-3 (Groundball, 56)
Bottom of the 6th over - 0 run(s), 1 hit(s), 0 error(s), 0 left on base; Texas 8 - Connecticut 4
TOP OF THE 7TH
Texas Longhorns batting - Pitching for Connecticut Huskies : LHP Rodrigo Montés
Batting: LHB Jon Rogers 0-0: Called Strike
0-1: Ball
1-1: Ball
2-1: Called Strike
2-2: Strikes out looking
Pitching: RHP Andrés Palma
Batting: RHB Rich Henley 0-0: Ground out 2-3 (Groundball, 2R)
Batting: LHB John Fitzgerald 0-0: Foul Ball, location: 2F
0-1: Foul Ball, location: 2F
0-2: Strikes out swinging
Top of the 7th over - 0 run(s), 0 hit(s), 0 error(s), 0 left on base; Texas 8 - Connecticut 4
BOTTOM OF THE 7TH
Connecticut Huskies batting - Pitching for Texas Longhorns : RHP Cristóbal López
Batting: RHB Jeff Manley 0-0: Ball
1-0: Ball
2-0: Ball
3-0: Called Strike
3-1: Base on Balls
Batting: LHB Arthur MacDonald 0-0: Called Strike
Jeff Manley steals 2nd base
0-1: Swinging Strike
0-2: Ball
1-2: Foul Ball, location: 2F
1-2: SINGLE (Groundball, 4M)
Jeff Manley to third
Runner from 3rd tries for Home, SAFE, no throw or cutoff
Batting: RHB Mario Flores 0-0: Ball
Arthur MacDonald steals 2nd base
1-0: Foul Ball, location: 2F
1-1: Ball
2-1: Foul Ball, location: 2F
2-2: Fly out, F9 (Line Drive, 89M)
Batting: LHB Chris Schultz 0-0: Swinging Strike
0-1: Foul Ball, location: 2F
0-2: Ball
1-2: SINGLE (Line Drive, 8RS)
Arthur MacDonald to third
Batting: RHB Brian Kramer 0-0: Ball
1-0: Foul Ball, location: 2F
1-1: Called Strike
1-2: Ball
2-2: Foul Ball, location: 2F
2-2: Foul Ball, location: 2F
2-2: SINGLE (Flyball, 8LS)
Arthur MacDonald scores
Chris Schultz to second
Pitching: RHP Tomás Silva
Batting: RHB Thomas Moore 0-0: Ball
1-0: Ball
2-0: Ball
3-0: Called Strike
3-1: Base on Balls
Chris Schultz to third
Brian Kramer to second
Batting: RHB Michael Cobb 0-0: Called Strike
0-1: Fly out, F8 (Flyball, 8LM)
Batting: RHB Carlos Marino 0-0: Ball
1-0: Called Strike
1-1: Called Strike
1-2: Ball
2-2: Ball
3-2: SINGLE (Groundball, 56D)
Chris Schultz scores
Brian Kramer to third
Thomas Moore to second
Brian Kramer scores
Thomas Moore to third
Batting: RHB Eric Black 0-0: Ball
1-0: Called Strike
1-1: Ball
2-1: Foul Ball, location: 2F
2-2: Ball
Passed Ball!
Thomas Moore scores
Carlos Marino to second
3-2: Strikes out swinging
Bottom of the 7th over - 5 run(s), 4 hit(s), 0 error(s), 1 left on base; Texas 8 - Connecticut 9
TOP OF THE 8TH
Texas Longhorns batting - Pitching for Connecticut Huskies : RHP Andrés Palma
Pitching: LHP Will Hines
Batting: LHB Jonathon Terry 0-0: Called Strike
0-1: Ground out 5-3 (Groundball, 56S)
Pitching: RHP Artie Taylor
Batting: RHB Joe Maynard 0-0: Swinging Strike
0-1: Ball
1-1: Ball
2-1: Foul Ball, location: 2F
2-2: Ball
3-2: Strikes out swinging
Pitching: RHP Anastasio Salazar
Batting: SHB Ángel González 0-0: Swinging Strike
0-1: Ball
1-1: Foul Ball, location: 2F
1-2: Fly out, F8 (Flyball, 8LXD)
Top of the 8th over - 0 run(s), 0 hit(s), 0 error(s), 0 left on base; Texas 8 - Connecticut 9
BOTTOM OF THE 8TH
Connecticut Huskies batting - Pitching for Texas Longhorns : RHP Tomás Silva
Batting: RHB Jeff Manley 0-0: Ball
1-0: Called Strike
1-1: Foul Ball, location: 2F
1-2: Foul Ball, location: 2F
1-2: Ball
2-2: DOUBLE (Flyball, 78D)
Batting: LHB Arthur MacDonald 0-0: Intentional Walk
Batting: RHB Mario Flores 0-0: Called Strike
0-1: Fly out, F8 (Flyball, 8LM)
Batting: LHB Chris Schultz 0-0: Ball
Jeff Manley is caught stealing 3rd base
Arthur MacDonald to second
1-0: Ball
2-0: Fly out, F7 (Flyball, 78M)
Bottom of the 8th over - 0 run(s), 1 hit(s), 0 error(s), 1 left on base; Texas 8 - Connecticut 9
TOP OF THE 9TH
Texas Longhorns batting - Pitching for Connecticut Huskies : RHP Anastasio Salazar
Pitching: RHP Pat Singleton
Now in LF: Jake Osborn
Pinch Hitting: RHB Joe Rogers 0-0: Ball
1-0: Swinging Strike
1-1: Swinging Strike
1-2: Strikes out swinging
Batting: LHB Sam Haynes 0-0: DOUBLE (Line Drive, 9LM)
Batting: RHB Eugene Salazar 0-0: Ball
1-0: Called Strike
1-1: Ball
2-1: Ball
3-1: Ground out 6-3 (Groundball, 6)
Batting: LHB Jon Rogers 0-0: Called Strike
0-1: Foul Ball, location: 2F
0-2: Foul Ball, location: 2F
0-2: Strikes out swinging
Top of the 9th over - 0 run(s), 1 hit(s), 0 error(s), 1 left on base; Texas 8 - Connecticut 9
This league is powered by Out of the Park Baseball, the baseball management simulation game for PC, Mac and Linux
Tuesday, August 2nd, 2016 - OOTP Baseball 16.8 Build 38